 Dungeon Crawl Stone Soup version 0.24-a0-412-ge138f7edaf (webtiles) character file.

Game seed: 9571532543605696862

18 Amnesiac the Insei (level 2, -2/24 HPs)
             Began as a Mummy Monk on June 7, 2019.
             Slain by a jackal (3 damage)
             ... on level 1 of the Dungeon.
             The game lasted 00:00:42 (596 turns).

Amnesiac the Insei (Mummy Monk)                      Turns: 596, Time: 00:00:42

Health: -2/24      AC:  0    Str: 14    XL:     2   Next: 48%
Magic:  2/2        EV: 13    Int:  9    God:
Gold:   40         SH:  0    Dex: 14    Spells: 1/1 levels left

rFire    x . .     SeeInvis .     - Unarmed
rCold    + . .     Gourm    .   (no shield)
rNeg     + + +     Faith    .   (no armour)
rPois    ∞         Spirit   .   (no helmet)
rElec    .         Reflect  .   (no cloak)
rCorr    .         Harm     .   (no gloves)
MR       .....                  (no boots)
Stlth    ++........             (no amulet)
HPRegen  0.08/turn              (no ring)
MPRegen  0.08/turn              (no ring)

@: no status effects
A: no food or potions, fire vulnerability, cold resistance 1, negative energy
resistance 3, torment resistance, unbreathing
a: no special abilities


You were on level 1 of the Dungeon.
You were not hungry.

You visited 1 branch of the dungeon, and saw 1 of its levels.

You collected 40 gold pieces.

Inventory:

Jewellery
 a - a cursed ring of fire
Scrolls
 b - a scroll of identify {!r}


   Skills:
 - Level 3.0 Fighting
 - Level 2.4 Dodging
 - Level 1.5 Stealth
 + Level 3.2 Unarmed Combat


You had one spell level left.
You didn't know any spells.
Your spell library was empty.

Dungeon Overview and Level Annotations

Branches:
Dungeon (1/15)

Altars:


Innate Abilities, Weirdness & Mutations

You do not eat or drink.
Your flesh is vulnerable to fire.
You are immune to poison.
Your flesh is cold resistant. (rC+)
You are immune to negative energy. (rN+++)
You are immune to unholy pain and torment.
You can survive without breathing.


Message History

The giant cockroach barely misses you.
You hit the giant cockroach.
You kill the giant cockroach!
No target in view!
No target in view!
No target in view!
You see here a giant cockroach corpse.
A hobgoblin comes into view.
The hobgoblin shouts!
A hobgoblin is nearby!
A hobgoblin is nearby!
The hobgoblin hits you.
You hit the hobgoblin.
The hobgoblin is moderately wounded.
The hobgoblin hits you.
You barely miss the hobgoblin.
The hobgoblin is moderately wounded.
The hobgoblin hits you.
* * * LOW HITPOINT WARNING * * *
You hit the hobgoblin.
The hobgoblin is severely wounded.
The hobgoblin hits you.
* * * LOW HITPOINT WARNING * * *
You closely miss the hobgoblin.
The hobgoblin is severely wounded.
The hobgoblin barely misses you.
You closely miss the hobgoblin.
The hobgoblin is severely wounded.
The hobgoblin completely misses you.
You closely miss the hobgoblin.
The hobgoblin is severely wounded.
The hobgoblin hits you.
* * * LOW HITPOINT WARNING * * *
You are too injured to fight recklessly!
You are too injured to fight recklessly!
You are too injured to fight recklessly!
You are too injured to fight recklessly!
You are too injured to fight recklessly!
You barely miss the hobgoblin.
The hobgoblin is severely wounded.
The hobgoblin closely misses you.
Unknown command.
You hit the hobgoblin.
You kill the hobgoblin!
You start resting.
A hobgoblin comes into view. It is wielding a +0 club.
The hobgoblin shouts!
A jackal comes into view.
The jackal moves out of view.
The jackal barks!
The jackal closely misses you. The jackal bites you.
* * * LOW HITPOINT WARNING * * *
Really read
b - 2 scrolls labeled ITSION FOQEMEAMNO {!r}?
As you read the scroll labeled ITSION FOQEMEAMNO {!r}, it crumbles to dust.
It is a scroll of identify.
You don't have any unidentified items.
The jackal bites you.
* * * LOW HITPOINT WARNING * * *
You can't drink.
Unknown command.
You hit the jackal.
The jackal is heavily wounded.
The jackal bites you.
You die...

#..†...##.#
#.###.
#.##.####.#
##.##..
#.##.# .#
##...#..
#.##.#
#.......
#.#..#
#....##.
#g#.##
#.#.###.
#.#.#
#.#>###.
#.#.#
#.#..)).
#.#@#
#.######
#.#h##
#.#####
#....#
#.....#
###..#
#####.#
#..# #.#
#..# #.##
#..# #.##
.... #...
#..## ####


You could see a jackal.

Vanquished Creatures
  3 giant cockroaches (D:1)
  5 goblins (D:1)
  A hobgoblin (D:1)
  A kobold (D:1)
  2 bats (D:1)
  2 frilled lizards (D:1)
  A rat (D:1)
15 creatures vanquished.

Notes
Turn   | Place    | Note
-------+----------+-------------------------------------------
     0 | D:1      | Amnesiac the Mummy Monk began the quest for the Orb.
     0 | D:1      | Reached XP level 1. HP: 18/18 MP: 1/1
   297 | D:1      | Reached XP level 2. HP: 23/24 MP: 2/2
   595 | D:1      | HP: 1/24 [jackal (2)]
   596 | D:1      | Slain by a jackal

Levels and vault maps discovered:
D:1:      dpeg_arrival_brainrot, layout_loops_ring

Skill      XL: |  1  2 |
---------------+-------+-----
Unarmed Combat | 3 |  3.2
Fighting       | |  3.0
Dodging        | |  2.4
Stealth        | |  1.5

Action                   || total
-------------------------++-------
Melee: Unarmed           ||    53
  Use: Scroll            ||     1
 Stab: Sleeping          ||     1
Dodge: Dodged            ||    38

Table legend:
 A = Non-vault XP
 B = Vault XP
 C = Vault XP percentage of total XP
 D = Non-vault monster count
 E = Vault monster count
 F = Vault count percentage of total count
                 A         B        C        D         E       F
            +---------+---------+-------+---------+---------+-------
      Total |      26 |       0 |   0.0 |      15 |       0 |   0.0
            +---------+---------+-------+---------+---------+-------
        D:1 |      26 |       0 |   0.0 |      15 |       0 |   0.0
            +---------+---------+-------+---------+---------+-------
